 Dungeon Crawl Stone Soup version 0.19-a0-1120-g42b7146 (webtiles) character file.

254935 PurpleRed the Executioner (level 20, -47/170 HPs)
             Began as a Human Berserker on Aug 11, 2016.
             Was an Elder of Makhleb.
             Killed from afar by Boris (64 damage)
             ... with an iron shot
             ... on level 4 of the Vaults.
             The game lasted 04:02:14 (17360 turns).

PurpleRed the Executioner (Human Berserker)        Turns: 17360, Time: 04:02:15

Health: -47/170    AC: 27    Str: 18    XL:     20   Next: 2%
Magic:  27/27      EV: 14    Int: 13    God:    Makhleb [****..]
Gold:   115        SH:  0    Dex: 20    Spells: 5 memorised, 13 levels left

rFire  + + .     SeeInvis +     E - +2 battleaxe (vamp)
rCold  . . .     Gourm    +     Y - +3 plate armour {MR+}
rNeg   + . .     Faith    .     (shield currently unavailable)
rPois  +         Spirit   .     L - +2 hat {Int+3}
rElec  .         Dismiss  .     V - +1 ratskin cloak {rPois rN+ Int-1 Dex-1}
rCorr  .         Reflect  .     H - +1 pair of gloves {Dex+3}
SustAt +         Harm     .     J - +2 pair of boots {run}
MR     ++...                    k - amulet of the gourmand
Stlth  ..........               f - ring of see invisible
                                b - ring of Due Proportion {SustAt rF+ Int+7 Dex+3 Stlth-}

@: about to teleport, marked, quick
A: clumsy 1, deterioration 1, dopey 2, fire resistance 1, screaming 1, weak 2,
no device heal 1, MP-powered wands
a: Minor Destruction, Lesser Servant of Makhleb, Major Destruction, Renounce
Religion
}: 3/15 runes: serpentine, barnacled, slimy


You were on level 4 of the Vaults.
You worshipped Makhleb.
Makhleb was greatly pleased with you.
You were very full.

You visited 8 branches of the dungeon, and saw 39 of its levels.
You visited 2 bazaars.
You also visited: Labyrinth, Bailey and Volcano.

You collected 3461 gold pieces.
You spent 3346 gold pieces at shops.

Inventory:

Hand Weapons
 a - a +4 battleaxe of freezing
 m - the +9 heavy crossbow "Sniper" {velocity, nevermiss, SInv}
   (You found it on level 5 of the Pits of Slime)

   Any bolt fired from it inflicts extra damage.
   It lets you see invisible.
 E - a +2 vampiric battleaxe (weapon)
 M - a +8 antimagic battleaxe
 X - a +2 battleaxe of flaming
 Z - the +6 war axe "Bunus" {chop, -Tele rN++ Str+4}
   (You found it on level 5 of the Pits of Slime)

   It inflicts extra damage upon your enemies.
   It affects your strength (+4).
   It greatly protects you from negative energy.
   It prevents most forms of teleportation.
Missiles
 F - 366 bolts
Armour
 q - the +8 plate armour of a bailey {rElec}
   (You found it on level 3 of the Vaults)

   It insulates you from electricity.
 w - the +2 pair of boots of the Assassin {DetectMon Stab+ Stlth++}
   (You acquired it on level 5 of the Lair of Beasts)

   It makes you much more stealthy.
 y - the +2 ring mail "Vosumuh" {rElec Regen+ Int+3 Dex-3}
   (You found it on level 4 of the Lair of Beasts)

   It affects your intelligence (+3).
   It affects your dexterity (-3).
   It insulates you from electricity.
   It increases your rate of regeneration.
 H - a +1 pair of gloves of dexterity (worn)
 J - a +2 pair of boots of running (worn)
 L - a +2 hat of intelligence (worn)
 V - the +1 ratskin cloak (worn) {rPois rN+ Int-1 Dex-1}
   (You bought it in a shop in a bazaar)

   It affects your intelligence (-1).
   It affects your dexterity (-1).
   It protects you from poison.
   It protects you from negative energy.
 Y - a +3 plate armour of magic resistance (worn)
Jewellery
 b - the ring of Due Proportion (left hand) {SustAt rF+ Int+7 Dex+3 Stlth-}
   (You bought it in a shop in a bazaar)

   [ring of sustain attributes]

   It sustains your strength, intelligence and dexterity.
   It affects your intelligence (+7).
   It affects your dexterity (+3).
   It protects you from fire.
   It makes you less stealthy.
 f - a ring of see invisible (right hand)
 k - an amulet of the gourmand (around neck)
 l - an uncursed ring of protection from magic
 p - an uncursed amulet of magic regeneration
 s - a +5 ring of evasion
 v - an uncursed ring of resist corrosion
 O - an uncursed ring of positive energy
 S - the ring of Uskayaw's Favour {rPois Dex+5}
   (You acquired it on level 4 of the Snake Pit)

   [ring of dexterity]

   It affects your dexterity (+5).
   It protects you from poison.
Wands
 e - a wand of disintegration (8/24)
 u - a wand of hasting (5/9)
Scrolls
 g - 2 scrolls of magic mapping
 t - 4 scrolls of enchant weapon
 z - 6 scrolls of teleportation
 A - a scroll of recharging
 U - 3 scrolls of identify
 W - 2 scrolls of fear
Potions
 h - 2 potions of magic
 j - a potion of cancellation
 x - a potion of beneficial mutation
 B - 4 potions of curing
 C - 3 potions of flight
 D - a potion of agility
 G - a potion of ambrosia
 N - a potion of berserk rage
 P - 2 potions of invisibility
 Q - 3 potions of might
Books
 i - a book of Burglary

   Spells                             Type                      Level
   a - Swiftness                      Charms/Air                   2
   b - Passwall                       Transmutation/Earth          2
   c - Passage of Golubria            Translocation                4
   d - Lee's Rapid Deconstruction     Earth                        5
   e - Darkness                       Hexes                        6
   f - Invisibility                   Hexes                        6
 r - a book of Enchantments

   Spells                             Type                      Level
   a - Cause Fear                     Hexes                        4
   b - Yara's Violent Unravelling     Hexes/Transmutation          5
   c - Silence                        Hexes/Air                    5
   d - Deflect Missiles               Charms/Air                   6
   e - Haste                          Charms                       6
   f - Discord                        Hexes                        8
 I - an Akashic Record

   Spells                             Type                      Level
   a - Dispersal                      Translocation                6
   b - Malign Gateway                 Summoning/Translocation      7
   c - Disjunction                    Translocation                8
   d - Controlled Blink               Translocation                8
Miscellaneous
 K - a phial of floods (inert)
 T - a phantom mirror
Comestibles
 c - 13 bread rations
 n - 5 fruits
 o - 13 meat rations


   Skills:
 - Level 17.8 Fighting
 - Level 21.1 Axes
 - Level 10.1 Armour
 - Level 14.2 Dodging
 - Level 5.1 Spellcasting
 + Level 9.3 Charms


You had 13 spell levels left.
You knew the following spells:

 Your Spells              Type           Power        Failure   Level  Hunger
a - Apportation           Tloc           #.........   100%        1    None
b - Summon Butterflies    Summ           #.......     100%        1    None
c - Blink                 Tloc           N/A          100%        2    ##.....
d - Haste                 Chrm           ####....     100%        6    #######
e - Deflect Missiles      Chrm/Air       ###.......   100%        6    #######


Dungeon Overview and Level Annotations

Branches:
Dungeon (13/15)            Temple (1/1) D:5            Lair (6/6) D:8
 Shoals (4/4) Lair:2        Snake (4/4) Lair:3        Slime (5/5) Lair:5
    Orc (2/2) D:9             Elf (0/3) Orc:2        Vaults (4/5) D:13
  Crypt (0/3) Vaults:3

Altars:
Ashenzari
Cheibriados
Dithmenos
Elyvilon
Fedhas
Gozag
Hepliaklqana
Kikubaaqudgha
Makhleb
Nemelex Xobeh
Okawaru
Pakellas
Ru
Sif Muna
Trog
Uskayaw
Vehumet
Xom
Yredelemnul
Zin
Jiyva

Shops:
D:9 [   Orc:2 (=(*[   Snake:4 [

Annotations:
D:4 Eustachio
Shoals:4 Ilsuiw
Snake:1 Azrael
Snake:2 Donald
Vaults:4 Boris


Innate Abilities, Weirdness & Mutations

You are clumsy. (Dex -2)
Your body sometimes deteriorates upon taking damage.
You are very dopey. (Int -4)
Your flesh is heat resistant. (rF+)
You occasionally shout uncontrollably at your foes.
You are very weak. (Str -4)
Potions and wands are less effective at restoring your health.
You expend magic power (3 MP) to strengthen your wands.


Message History

You hear a deafening roar!
You hear a shout!
Boris hits you!
* * * LOW HITPOINT WARNING * * *
Boris touches you but does no damage.
Your system partially rejects the healing.
You feel much better. Boris hits you.
* * * LOW HITPOINT WARNING * * *
Boris touches you but does no damage. Boris hits your water elemental!
Boris touches your water elemental!
Boris wildly gestures.
Boris's fingertips start to glow.
Boris hits your water elemental. Boris touches your water elemental!
As you read the scroll of teleportation, it crumbles to dust.
You feel strangely unstable. Boris hits your water elemental!
Your water elemental is destroyed!
Your system partially rejects the healing.
You feel better. Boris casts a spell at you. The iron shot hits you!
You die...

##. ### ###. ##..
..####... ##... ...##....
..#....######## ...##...#
......O#≈.....##...##...#
.....OOO)≈....#....##...)
.......#L.....#...# ##...
.!.<..##≈.....#.########.
.....# #@.....#..........
....# #......'..........
...# #......#######+#'#
##+ #......# #....
#......# #.... ########
#.... #.... #.... #....


You could see Boris (invisible) and a two-headed ogre.

Vanquished Creatures
  the Royal Jelly (Slime:5)
  Margery (Vaults:4)
  10 acid blobs
  A kraken (Shoals:4)
  3 azure jellies
  A vault warden (Vaults:4)
  A ghost moth (shapeshifter) (D:8)
  6 greater nagas (Snake:4)
  An orc warlord (Orc:2)
  Aizul (Shoals:2)
  An ironheart preserver (Vaults:1)
  3 stone giants
  An entropy weaver (Vaults:4)
  4 merfolk javelineers (Shoals:4)
  A minotaur (Lab)
  Snorg (D:10)
  8 merfolk impalers
  3 death oozes
  7 great orbs of eyes
  Erolcha (Orc:1)
  2 yaktaur captains
  Harold (D:10)
  A fire dragon (Lair:6)
  3 ogre magi
  9 naga warriors
  Erica (D:8)
  2 merfolk avatars
  6 vault guards
  2 hydras
  5 anacondas
  A merfolk aquamancer (Shoals:4)
  3 centaur warriors
  A deep troll shaman (Vaults:1)
  A satyr (Shoals:3)
  A tengu warrior (Lair:2)
  A deep troll earth mage (Vaults:1)
  4 death yaks (Lair:3)
  12 naga sharpshooters
  Nergalle (Lair:4)
  3 shock serpents
  3 orc high priests (Orc:2)
  4 skeletal warriors (Vaults:3)
  A fire crab (Lair:5)
  2 hell knights (Vaults:4)
  The ghost of Guenter the Chopper, a novice FoFi of Okawaru (Bailey)
  A sea snake (Shoals:4)
  2 deep trolls (Vaults:1)
  2 hill giants
  4 naga ritualists
  An unseen horror (D:13)
  A wizard (Vaults:3)
  A lindwurm (Lair:3)
  10 orc knights
  12 harpies
  4 necromancers
  An oklob plant (Lair:6)
  A shadow dragon skeleton (Vaults:3)
  7 mana vipers
  A sphinx skeleton (Vaults:3)
  A wolf spider (Vaults:3)
  A stone giant zombie (Vaults:3)
  3 deep elf magi
  4 orc sorcerers
  19 ugly things
  2 tengu skeletons (Vaults:3)
  5 shining eyes
  4 griffons
  4 cyclopes
  5 salamanders
  4 fauns (Shoals:3)
  5 manticores
  Joseph (D:10)
  7 elephants
  A frost giant skeleton (Vaults:3)
  6 water nymphs
  2 sirens
  3 guardian serpents
  5 vault sentinels
  An eye of devastation (Slime:5)
  24 black mambas
  5 spiny frogs
  A gargoyle (D:8)
  10 naga magi
  2 molten gargoyles (Volcano)
  11 yaktaurs
  A yaktaur zombie (Vaults:3)
  An efreet (D:13)
  2 rime drakes (Lair:6)
  A kobold demonologist (D:13)
  A freezing wraith (Vaults:2)
  6 komodo dragons
  A tengu conjurer (Shoals:1)
  A yaktaur skeleton (Vaults:3)
  A wind drake (shapeshifter) (Vaults:2)
  A meliai (D:8)
  A wind drake (Shoals:4)
  6 trolls
  3 two-headed ogres
  6 merfolk
  A polar bear (shapeshifter) (D:8)
  A merfolk (shapeshifter) (D:8)
  9 polar bears (Lair:6)
  3 raiju (Lair:6)
  66 slime creatures
  A boulder beetle (Vaults:3)
  3 snapping turtles
  2 redbacks (Vaults:4)
  27 yaks
  A vampire (D:13)
  2 water elementals (Shoals:4)
  2 wyverns
  5 golden eyes
  2 hungry ghosts
  5 steam dragons (Lair:6)
  4 hippogriffs
  3 basilisks
  Menkaure (D:7)
  A vampire mosquito (D:8)
  A mottled dragon (Lair:6)
  8 wargs
  43 nagas
  Duvessa (D:4)
  5 soldier ants
  4 water moccasins
  6 hell hounds
  6 porcupines
  A swamp drake (shapeshifter) (D:13)
  2 ice beasts
  A swamp drake (Lair:6)
  44 orc warriors
  2 human zombies (Vaults:3)
  20 black bears
  9 centaurs
  3 wasps
  A necrophage (D:13)
  15 ogres
  2 sky beasts
  2 eyes of draining
  14 wolves
  An elf skeleton (Vaults:3)
  9 crocodiles
  3 human skeletons (Vaults:3)
  2 big kobolds
  9 giant frogs
  Dowan (D:3)
  2 scorpions
  7 killer bees (D:8)
  5 wights (D:13)
  A howler monkey (D:8)
  8 crimson imps
  2 giant frog zombies
  A human simulacrum (Vaults:3)
  17 orc priests
  2 centaur skeletons
  2 giant frog skeletons
  19 hounds
  5 jellies
  35 orc wizards
  7 iguanas
  5 worker ants
  Terence (D:3)
  18 sheep
  A howler monkey skeleton (D:9)
  3 adders
  34 river rats
  3 shadow imps
  3 oozes
  An adder skeleton (D:5)
  3 worms
  A dart slug (D:4)
  82 orcs
  3 bats
  3 giant cockroaches
  7 goblins
  4 hobgoblins
  6 jackals (D:5)
  12 kobolds
  7 quokkas
  2 ball pythons
  4 giant newts
  4 rats
  2 fungi
  11 plants
  4 tentacles (Shoals:4)
1034 creatures vanquished.

Vanquished Creatures (collateral kills)
  4 acid blobs (Slime:5)
  2 azure jellies (Slime:5)
  A death ooze (Slime:5)
  2 great orbs of eyes (Slime:5)
  An orc high priest (Orc:2)
  A shining eye (Slime:2)
  3 slime creatures (Slime:5)
  An orc priest (Orc:2)
  An orc wizard (Orc:2)
  An orc (Orc:2)
17 creatures vanquished.

Vanquished Creatures (others)
  A skeletal warrior (Vaults:3)
  A black mamba (Snake:1)
  A spiny frog (Lair:5)
  A basilisk (Lair:5)
  2 wolves (Lair:5)
  2 orc wizards (Orc:2)
  2 fungi (Lair:6)
  4 plants
  4 tentacles (Shoals:4)
18 creatures vanquished.

Grand Total: 1069 creatures vanquished

Notes
Turn   | Place    | Note
-------+----------+-------------------------------------------
     0 | D:1      | PurpleRed the Human Berserker began the quest for the Orb.
     0 | D:1      | Reached XP level 1. HP: 18/18 MP: 1/1
   166 | D:1      | Reached XP level 2. HP: 10/24 MP: 2/2
   309 | D:2      | Reached XP level 3. HP: 9/29 MP: 3/3
   432 | D:2      | Reached skill level 4 in Axes
   522 | D:3      | Found a sacrificial altar of Ru.
   526 | D:3      | Reached XP level 4. HP: 23/36 MP: 4/4
   601 | D:3      | Reached ** piety under Trog
   678 | D:3      | Noticed Terence
   684 | D:3      | Killed Terence
   684 | D:3      | Reached XP level 5. HP: 39/42 MP: 5/5
   804 | D:3      | Reached skill level 5 in Axes
   996 | D:4      | Found a hide-covered altar of Uskayaw.
  1022 | D:4      | Noticed Duvessa
  1024 | D:4      | Noticed Dowan
  1033 | D:4      | Noticed Eustachio
  1033 | D:4      | Killed Duvessa
  1033 | D:4      | Reached XP level 6. HP: 49/49 MP: 6/6
  1035 | D:4      | Reached skill level 6 in Axes
  1039 | D:5      | Entered Level 5 of the Dungeon
  1183 | D:5      | Reached *** piety under Trog
  1219 | D:5      | Reached XP level 7. HP: 35/55 MP: 7/7
  1283 | D:5      | Found a glowing silver altar of Zin.
  1294 | D:5      | Reached skill level 5 in Fighting
  1294 | D:5      | Reached skill level 7 in Axes
  1522 | D:5      | Found a staircase to the Ecumenical Temple.
  1568 | D:3      | Killed Dowan
  1568 | D:3      | Reached XP level 8. HP: 61/63 MP: 8/8
  1690 | Temple   | Entered the Ecumenical Temple
  1902 | D:7      | Reached skill level 8 in Axes
  1938 | D:7      | HP: 3/64 [black bear (2)]
  1987 | D:7      | Reached skill level 9 in Axes
  1995 | D:7      | Found a bloodstained altar of Trog.
  1995 | D:7      | HP: 3/65 [acid (11)]
  1996 | D:7      | HP: 1/65 [kobold/dagger (2)]
  2123 | D:7      | Found an opulent altar of Gozag.
  2153 | D:8      | Reached XP level 9. HP: 71/71 MP: 9/9
  2260 | D:8      | Noticed a centaur warrior
  2269 | D:8      | HP: 3/71 [centaur warrior (8)]
  2270 | D:8      | HP: 1/71 [centaur warrior (12)]
  2280 | D:8      | Killed a centaur warrior
  2280 | D:8      | Reached skill level 10 in Axes
  2302 | D:8      | Noticed an orb spider
  2306 | D:8      | Noticed a raiju
  2348 | D:7      | Received a gift from Trog
  2559 | D:7      | Noticed Menkaure
  2559 | D:7      | Reached XP level 10. HP: 53/79 MP: 10/10
  2573 | D:7      | HP: 3/120 [Menkaure (9)]
  2578 | D:7      | HP: 6/120 [Menkaure (3)]
  2583 | D:7      | HP: 2/120 [Menkaure (12)]
  2587 | D:7      | Killed Menkaure
  2592 | D:7      | HP: 4/80 [shadow imp (5)]
  2686 | D:8      | Noticed a gargoyle
  2709 | D:8      | Killed a gargoyle
  2709 | D:8      | Reached skill level 11 in Axes
  2709 | D:8      | Reached skill level 5 in Dodging
  2970 | D:8      | Noticed a cyclops
  2990 | D:8      | Killed a cyclops
  3028 | D:8      | Reached **** piety under Trog
  3055 | D:8      | Found a staircase to the Lair.
  3108 | D:8      | Noticed an eye of devastation
  3127 | D:8      | Noticed a hell hog
  3141 | D:8      | a hell hog changed into a merfolk
  3156 | Lair:1   | Entered Level 1 of the Lair of Beasts
  3192 | Lair:2   | Noticed a black mamba
  3204 | Lair:2   | Killed a black mamba
  3204 | Lair:2   | Reached skill level 12 in Axes
  3204 | Lair:2   | Reached XP level 11. HP: 76/87 MP: 11/11
  3358 | Lair:2   | Found a labyrinth entrance.
  3376 | Lab      | Entered a labyrinth
  3643 | Lab      | Noticed a minotaur
  3659 | Lab      | Killed a minotaur
  3672 | Lab      | Identified Nekhamask's Grimoire of Ashen Conjuration
  3835 | Lair:3   | Noticed a death yak
  3836 | Lair:3   | Noticed a death yak
  3836 | Lair:3   | Noticed a death yak
  3892 | Lair:3   | Killed a death yak
  3892 | Lair:3   | Reached skill level 13 in Axes
  3991 | Lair:3   | Noticed a death yak
  4008 | Lair:3   | Killed a death yak
  4010 | Lair:3   | Killed a death yak
  4015 | Lair:3   | Killed a death yak
  4050 | Lair:3   | Reached XP level 12. HP: 91/97 MP: 12/12
  4110 | Lair:3   | Found a dark tunnel.
  4126 | Lair:3   | Reached skill level 10 in Fighting
  4165 | Volcano  | Entered a volcano
  4305 | Volcano  | Found a burning altar of Makhleb.
  4305 | Volcano  | Noticed a centaur warrior
  4314 | Volcano  | Killed a centaur warrior
  4728 | D:8      | Reached skill level 14 in Axes
  4742 | D:8      | Noticed a centaur warrior
  4771 | D:8      | Killed a centaur warrior
  4933 | D:8      | Killed a ghost moth
  4975 | D:8      | Noticed Erica
  4985 | D:8      | Killed Erica
  5103 | D:10     | Entered Level 10 of the Dungeon
  5110 | D:9      | Found Ebaikkua's Armour Shoppe.
  5115 | D:9      | Found a staircase to the Orcish Mines.
  5152 | D:9      | Bought a +1 pair of boots of running for 474 gold pieces
  5235 | D:9      | Found a flagged portal.
  5244 | Bailey   | Entered a bailey
  5244 | Bailey   | Noticed Guenter's ghost (novice FoFi)
  5275 | Bailey   | Killed Guenter's ghost
  5344 | Bailey   | Reached XP level 13. HP: 87/106 MP: 13/13
  5376 | Bailey   | Got a crude arbalest
  5439 | Bailey   | Reached skill level 15 in Axes
  5516 | Bailey   | Identified the +8 arbalest of Niobbib {velocity, rElec rC- Stlth+} (You found it in a bailey)
  5565 | D:10     | Noticed Harold
  5640 | D:10     | Killed Harold
  5809 | D:11     | Reached ***** piety under Trog
  6001 | D:12     | Received a gift from Trog
  6002 | D:12     | Got a transparent triple sword {god gift}
  6003 | D:12     | Identified the +8 triple sword of the Equinox {venom, rPois rF- rN+++ MR-} (Trog gifted it to you on level 12 of the Dungeon)
  6362 | D:13     | Noticed a vault guard
  6378 | D:13     | Killed a vault guard
  6416 | D:13     | Noticed a vault guard
  6417 | D:13     | Noticed a vault guard
  6437 | D:13     | Killed a vault guard
  6437 | D:13     | Reached skill level 5 in Armour
  6452 | D:13     | Killed a vault guard
  6622 | D:13     | Noticed a vault guard
  6638 | D:13     | Killed a vault guard
  6653 | D:13     | Found a gate to the Vaults.
  6677 | D:13     | Reached skill level 16 in Axes
  6756 | D:11     | Reached XP level 14. HP: 50/118 MP: 14/14
  6835 | D:10     | Noticed Joseph
  6850 | D:10     | Killed Joseph
  6908 | D:10     | Found a shimmering altar of Xom.
  6927 | D:10     | Noticed Snorg
  6948 | Orc:1    | Entered Level 1 of the Orcish Mines
  7118 | Orc:2    | Entered Level 2 of the Orcish Mines
  7118 | Orc:2    | Found Sutriaf's Antique Weapon Boutique.
  7171 | Orc:2    | Received a gift from Trog
  7227 | Orc:2    | Found a staircase to the Elven Halls.
  7635 | Orc:2    | Noticed an orc warlord
  7667 | Orc:2    | Killed an orc warlord
  7671 | Orc:2    | Received a gift from Trog
  8020 | Orc:2    | Found Yschaitwa's General Store.
  8021 | Orc:2    | Found Duocop's Jewellery Emporium.
  8022 | Orc:2    | Found Harum's Antique Armour Shoppe.
  8022 | Orc:2    | Found Etoudig's Antique Weapon Shoppe.
  8037 | Orc:2    | Bought an uncursed ring of resist corrosion for 280 gold pieces
  8038 | Orc:2    | Bought a potion of agility for 52 gold pieces
  8038 | Orc:2    | Bought a +0 pair of gloves of dexterity for 149 gold pieces
  8049 | Orc:2    | Bought a wand of hasting (3/9) for 546 gold pieces
  8049 | Orc:2    | Bought a scroll of enchant armour for 97 gold pieces
  8061 | Orc:2    | Bought a heavily runed chain mail for 266 gold pieces
  8172 | Orc:1    | Noticed Erolcha
  8179 | Orc:1    | Killed Erolcha
  8453 | Lair:1   | Identified the cursed +0 chain mail "Vihyr" {rElec rC- Stlth+} (You bought it in a shop on level 2 of the Orcish Mines)
  8745 | Lair:5   | Reached skill level 17 in Axes
  8809 | Lair:4   | Got an ichor-stained ring mail
  8822 | Lair:4   | Noticed Nergalle
  8837 | Lair:4   | Killed Nergalle
  8912 | Lair:6   | Entered Level 6 of the Lair of Beasts
  8952 | Lair:6   | Reached XP level 15. HP: 108/127 MP: 15/15
  9184 | Lair:6   | Reached skill level 10 in Dodging
  9285 | Lair:6   | Received a gift from Trog
  9371 | Lair:6   | Reached skill level 15 in Fighting
  9749 | Lair:6   | Reached ****** piety under Trog
  9859 | Lair:5   | Found a staircase to the Slime Pits.
 10080 | Lair:3   | Found a staircase to the Snake Pit.
 10128 | Lair:3   | Identified the +2 ring mail "Vosumuh" {rElec Regen+ Int+3 Dex-3} (You found it on level 4 of the Lair of Beasts)
 10139 | Snake:1  | Entered Level 1 of the Snake Pit
 10147 | Snake:1  | Reached skill level 18 in Axes
 10165 | Snake:1  | Received a gift from Trog
 10282 | Snake:2  | Noticed Donald
 10324 | Snake:1  | You fall through a shaft!
 10431 | Snake:2  | Reached XP level 16. HP: 67/137 MP: 16/16
 10767 | Snake:4  | Entered Level 4 of the Snake Pit
 10767 | Snake:4  | Found Ficwoz's Antique Armour Boutique.
 10771 | Snake:4  | Bought a crude chain mail for 285 gold pieces
 10789 | Snake:3  | Identified the cursed +1 chain mail of Byhukkir {Int+4} (You bought it in a shop on level 4 of the Snake Pit)
 11388 | Snake:4  | Noticed a greater naga
 11405 | Snake:4  | Killed a greater naga
 11428 | Snake:4  | Received a gift from Trog
 11461 | Snake:4  | Reached skill level 19 in Axes
 11625 | Snake:4  | Noticed a greater naga
 11638 | Snake:4  | Killed a greater naga
 11687 | Snake:4  | Noticed a greater naga
 11719 | Snake:4  | Killed a greater naga
 12076 | Snake:4  | Reached XP level 17. HP: 124/145 MP: 17/17
 12119 | Snake:4  | Identified 3 scrolls of acquirement
 12132 | Snake:4  | Got a glittering lead ring
 12133 | Snake:4  | Identified the ring of Uskayaw's Favour {rPois Dex+5} (You acquired it on level 4 of the Snake Pit)
 12321 | Snake:4  | Got a serpentine rune of Zot
 12439 | Snake:1  | Noticed Azrael
 12522 | Lair:2   | Found a staircase to the Shoals.
 12569 | Shoals:1 | Entered Level 1 of the Shoals
 12711 | Shoals:2 | Got an ancient ring mail
 12712 | Shoals:2 | Identified the +4 ring mail of Azez {rC- Str+9} (You found it on level 2 of the Shoals)
 12789 | Shoals:2 | Noticed Aizul
 12800 | Shoals:2 | Killed Aizul
 12800 | Shoals:2 | Received a gift from Trog
 13097 | Shoals:4 | Entered Level 4 of the Shoals
 13225 | Shoals:4 | Noticed Ilsuiw
 13249 | Shoals:4 | Reached skill level 20 in Axes
 13459 | Shoals:4 | Noticed a kraken
 13621 | Shoals:4 | Killed a kraken
 13673 | Shoals:4 | Got a barnacled rune of Zot
 13958 | Slime:1  | Entered Level 1 of the Pits of Slime
 13963 | Slime:1  | Noticed an acid blob
 13976 | Slime:1  | Reached XP level 18. HP: 154/154 MP: 18/18
 13980 | Slime:1  | Received a gift from Trog
 14110 | Slime:1  | Killed an acid blob
 14199 | Slime:2  | Gained mutation: Potions and wands are less effective at restoring your health. [a shining eye]
 14200 | Slime:2  | Gained mutation: Your flesh is heat resistant. (rF+) [a shining eye]
 14201 | Slime:2  | Gained mutation: You are dopey. (Int -2) [a shining eye]
 14206 | Slime:2  | Gained mutation: You are very dopey. (Int -4) [a shining eye]
 14280 | Slime:4  | Noticed an acid blob
 14288 | Slime:4  | Killed an acid blob
 14291 | Slime:4  | Noticed an acid blob
 14301 | Slime:4  | Killed an acid blob
 14329 | Slime:5  | Entered Level 5 of the Pits of Slime
 14329 | Slime:5  | Noticed an acid blob
 14345 | Slime:5  | Killed an acid blob
 14421 | Slime:5  | Noticed an acid blob
 14435 | Slime:5  | Killed an acid blob
 14509 | Slime:5  | Found a viscous altar of Jiyva.
 14509 | Slime:5  | Noticed the Royal Jelly
 14509 | Slime:5  | Paralysed by a great orb of eyes for 7 turns
 14517 | Slime:5  | Noticed an acid blob
 14526 | Slime:5  | Noticed an acid blob
 14526 | Slime:5  | Killed the Royal Jelly
 14526 | Slime:5  | Noticed an acid blob
 14526 | Slime:5  | Noticed an acid blob
 14527 | Slime:5  | Killed an acid blob
 14529 | Slime:5  | Noticed an acid blob
 14529 | Slime:5  | Noticed an acid blob
 14529 | Slime:5  | Killed an acid blob
 14532 | Slime:5  | Killed an acid blob
 14534 | Slime:5  | Noticed an acid blob
 14536 | Slime:5  | Killed an acid blob
 14557 | Slime:5  | Killed an acid blob
 14557 | Slime:5  | Reached skill level 21 in Axes
 14566 | Slime:5  | Killed an acid blob
 14569 | Slime:5  | Killed an acid blob
 14577 | Slime:5  | Noticed an acid blob
 14588 | Slime:5  | Noticed an acid blob
 14671 | Slime:5  | Killed an acid blob
 14709 | Slime:5  | Noticed an acid blob
 14740 | Slime:5  | Got a warped hand axe
 14768 | Slime:5  | Killed an acid blob
 14839 | Slime:5  | Noticed an acid blob
 14876 | Slime:5  | Gained mutation: You occasionally shout uncontrollably at your foes. [a shining eye]
 14899 | Slime:5  | Gained mutation: You are weak. (Str -2) [a shining eye]
 14934 | Slime:5  | Reached skill level 10 in Armour
 15000 | Slime:5  | Noticed an acid blob
 15009 | Slime:5  | Got an ancient war axe
 15011 | Slime:5  | Got a slimy rune of Zot
 15038 | Slime:5  | Reached XP level 19. HP: 137/163 MP: 19/19
 15068 | Slime:3  | Gained mutation: You expend magic power (3 MP) to strengthen your wands. [a shining eye]
 15077 | Slime:3  | Received a gift from Trog
 15100 | Slime:4  | Identified the +6 war axe "Bunus" {chop, -Tele rN++ Str+4} (You found it on level 5 of the Pits of Slime)
 15107 | Slime:3  | Gained mutation: You are very weak. (Str -4) [a shining eye]
 15109 | Slime:4  | Gained mutation: You are clumsy. (Dex -2) [a shining eye]
 15111 | Slime:4  | Gained mutation: Your body sometimes deteriorates upon taking damage. [a shining eye]
 15252 | Lair:1   | Identified the cursed +0 hand axe of the Dwarven Hall {chop, MR+ Stlth+} (You found it on level 5 of the Pits of Slime)
 15403 | Temple   | Fell from the grace of Trog
 15403 | Temple   | Became a worshipper of Makhleb the Destroyer
 15407 | Temple   | Learned a level 1 spell: Apportation
 15409 | Temple   | Learned a level 1 spell: Summon Butterflies
 15412 | Temple   | Learned a level 2 spell: Blink
 15419 | Temple   | Learned a level 6 spell: Haste
 15426 | Temple   | Learned a level 6 spell: Deflect Missiles
 15602 | D:10     | Killed Snorg
 15675 | D:11     | Reached skill level 1 in Charms
 15796 | D:13     | Reached skill level 1 in Spellcasting
 15834 | Vaults:1 | Entered Level 1 of the Vaults
 15901 | Vaults:1 | Reached * piety under Makhleb
 16070 | Vaults:2 | Found a flickering gateway to a bazaar.
 16095 | Bazaar   | Entered a bazaar
 16095 | Bazaar   | Found Essannam's Armour Shoppe.
 16095 | Bazaar   | Found Ciuf's Food Emporium.
 16099 | Bazaar   | Found Den Poff's Jewellery Emporium.
 16103 | Bazaar   | Found Ydymif's Antique Weapon Shoppe.
 16139 | Bazaar   | Bought the +1 ratskin cloak {rPois rN+ Int-1 Dex-1} for 248 gold pieces
 16161 | Bazaar   | Bought the ring of Due Proportion {SustAt rF+ Int+7 Dex+3 Stlth-} for 664 gold pieces
 16171 | Bazaar   | Bought an uncursed ring of see invisible for 195 gold pieces
 16370 | Vaults:3 | Reached ** piety under Makhleb
 16478 | Vaults:3 | Reached skill level 5 in Charms
 16479 | Vaults:3 | Paralysed by a great orb of eyes for 5 turns
 16530 | Vaults:3 | Reached skill level 5 in Spellcasting
 16573 | Vaults:3 | Got a fine plate armour
 16577 | Vaults:3 | Identified the +8 plate armour of a bailey {rElec} (You found it on level 3 of the Vaults)
 16638 | Vaults:2 | Reached *** piety under Makhleb
 16750 | Vaults:3 | Found a flickering gateway to a bazaar.
 16758 | Bazaar   | Entered a bazaar
 16758 | Bazaar   | Found Ocwulets's Antique Weapon Shop.
 16761 | Bazaar   | Found Razuelui's Distillery.
 16789 | Bazaar   | Found Esioschoa's Antique Armour Shop.
 16797 | Bazaar   | Bought a shiny helmet for 90 gold pieces
 17001 | Vaults:4 | Noticed Margery
 17036 | Vaults:3 | Reached **** piety under Makhleb
 17166 | Vaults:4 | Killed Margery
 17309 | Vaults:4 | Noticed Boris
 17321 | Vaults:4 | Reached XP level 20. HP: 115/170 MP: 27/27
 17355 | Vaults:4 | HP: 2/170 [Boris (10)]
 17360 | Vaults:4 | Killed from afar by Boris

Vault maps used:
D:1:      minmay_arrival_cross, minmay_tree_intersection,
          minmay_misc_feat_more_columns
D:2:      ecumenical_altar_1
D:3:      grunt_qazlal_clouds, first_bread, nicolae_ru_great_annihilating_truth,
          uniq_grinder, uniq_terence
D:4:      kennysheep_mini_moat, uniq_eustachio, uniq_duvessa, uniq_menkaure
D:5:      zin_statuary, marbit_many_paths
D:6:      tso_metal_star, kennysheep_slug_shrine, uniq_pikel
D:7:      nicolae_overflow_crystal_walls, trog_ov_bears_minmay, hex_tiny
D:8:      lair_0_dummy, hangedman_pestilent_swarm, minmay_the_grid_3x2,
          uniq_erica
D:9:      orc_david_3, enter_bailey_2
D:10:     basic_altar, nicolae_benzene_ring, uniq_maurice, uniq_snorg,
          uniq_harold, uniq_joseph
D:11:     abandoned_shop
D:12:     david_defended_altar_orc
D:13:     lightli_vaults_fourway_checkpoint, stair_cage_line
Temple:   regret_index_temple_generic_petals
Lair:2:   elwin_shoals_entry_rocks, lab_entry_generic
Lair:3:   dummy_snake_entry, nicolae_volcano_entry_vermiform,
          grunt_megastairs_2, serial_bayou_shore_b, uniq_gastronok
Lair:4:   uniq_nergalle
Lair:5:   nicolae_slime_entry_slimehenge, eino_small_chamber_without_monster,
          grunt_megastairs_3, infiniplex_staircase_pool
Lair:6:   guppyfry_lair_end_dragon, hangedman_lair_caniforms_friends,
          small_statue_intersection, lemuel_fruit_fields
Shoals:1: kb_tengu_band, uniq_louise
Shoals:2: nicolae_shoals_arrival_archipelago, uniq_aizul
Shoals:4: shoals_end_hangedman, shoals_ilsuiw_alternative
Snake:1:  uniq_azrael
Snake:2:  st_stairs_3, serial_bayou_pond_c, uniq_donald
Snake:4:  minmay_snake_end_coiled, serial_shops, shop
Slime:2:  cheibrodos_slime_lost_civilization_2
Slime:3:  cheibrodos_slime_lost_civilization_4
Orc:1:    abandoned_shop, uniq_erolcha
Orc:2:    st_orc_congregation, serial_shops, nicolae_shop_crystal
Vaults:1: v_misc_18, serial_ice_b, ontoclasm_vaults_misaligned, v_pattern_1,
          nicolae_vaults_little_squares_4, hangedman_vaults_pinch,
          nicolae_vaults_shelves_hall
Vaults:2: v_rooms_6, serial_ice_m, nicolae_vaults_network_s,
          nicolae_vaults_little_squares_1, nicolae_vaults_little_squares_3,
          v_misc_13, hangedman_vaults_stagger, ontoclasm_vaults_eye,
          vaults_mumra_hex, v_misc_22, serial_shops, bzr_firewalk
Vaults:3: hangedman_vaults_hat, dpeg_vaults_pockets_of_resistance,
          hangedman_vaults_nodes, minmay_crypt_entry_skeletal_spiral,
          nicolae_vaults_network_quincunx, vaults_dpeg_hooks,
          hangedman_vaults_corner, nicolae_vaults_mini_display_case,
          vaults_standard_mumra_enter_the_diamond,
          nicolae_vaults_little_squares_3, nicolae_vaults_angled_halls,
          ontoclasm_vaults_shuriken, serial_shops, bzr_entry_customers
Vaults:4: nicolae_vaults_stairing_the_circle, vaults_dpeg_diagonal, st_cross,
          nicolae_vaults_big_angled_halls, vaults_mumra_chevron_long,
          ontoclasm_vaults_hangar, hangedman_vaults_impose, vaults_dpeg_cross,
          ontoclasm_vaults_claustrophobia, hangedman_vaults_snaps,
          nicolae_vaults_sealed_display, uniq_boris, uniq_mennas, uniq_margery
Lab:      labyrinth_spiral, nicolae_lab_hexagon
Bazaar:   bazaar_minmay_row, bazaar_jpeg_cross
Bailey:   bailey_polearm_4, bailey
Volcano:  volcano_lake

Skill      XL: |  1  2  3  4  5  6  7  8  9 10 11 12 13 14 15 16 17 18 19 |
---------------+----------------------------------------------------------+-----
Axes           | 4 5 6 7 9 10 12 13 14 16 17 18 19 20 21 | 21.1
Fighting       | 4 5 6 7 8 9 11 13 14 15 16 17 | 17.8
Dodging        | 4 6 8 9 11 12 13 14 | 14.2
Armour         | 6 8 10 | 10.1
Charms         | 9 |  9.3
Spellcasting   | 5 |  5.1

Action                   |  1- 3 |  4- 6 |  7- 9 | 10-12 | 13-15 | 16-18 | 19-21 || total
-------------------------+-------+-------+-------+-------+-------+-------+-------++-------
Melee: Hand axe          |    89 |   157 |   243 |    83 |       |       |       ||   572
       War axe           |       |       |       |   382 |       |       |       ||   382
       Battleaxe         |       |       |       |       |  1009 |   871 |   595 ||  2475
 Fire: Arbalest          |       |       |       |    25 |    66 |     5 |       ||    96
       Blowgun           |       |       |       |       |     2 |       |       ||     2
Throw: Tomahawk          |       |       |     3 |     1 |       |       |       ||     4
Invok: Berserk           |     4 |     4 |    14 |    22 |    21 |    28 |     1 ||    94
       Trog's Hand       |       |       |     4 |    10 |    14 |    17 |     1 ||    46
       Brothers in Arms  |       |       |       |     1 |     2 |     4 |       ||     7
       Burn Spellbooks   |       |       |       |       |     1 |     1 |       ||     2
Evoke: Wand              |       |       |     1 |     2 |       |    13 |     1 ||    17
       Phial of floods   |       |       |       |       |       |     2 |     1 ||     3
  Use: Scroll            |       |     5 |     6 |    12 |    13 |    16 |    13 ||    65
       Potion            |       |       |     7 |     1 |       |    12 |     5 ||    25
 Stab: Paralysed         |       |     2 |       |       |       |       |       ||     2
       Distracted        |       |       |       |       |       |     1 |       ||     1
  Eat: Chunk             |     2 |     8 |    20 |    21 |    37 |    15 |    14 ||   117
       Beef jerky        |       |       |       |     2 |     7 |       |       ||     9
       Bread ration      |       |       |       |     3 |       |       |       ||     3
       Pizza             |       |       |       |       |     2 |       |       ||     2
       Royal jelly       |       |       |       |       |     1 |    16 |     3 ||    20
       Fruit             |       |       |       |       |     1 |     2 |     3 ||     6
Armor: Animal skin       |     8 |       |       |       |       |       |       ||     8
       Leather armour    |     9 |    12 |       |       |       |       |       ||    21
       Scale mail        |       |    63 |   123 |    37 |       |       |       ||   223
       Skin              |       |       |       |    25 |       |       |       ||    25
       Ring mail         |       |       |       |    53 |       |    71 |    44 ||   168
       Plate armour      |       |       |       |       |   450 |   214 |   216 ||   880
       Fire dragon armou |       |       |       |       |       |       |     3 ||     3
Dodge: Dodged            |    67 |    76 |   175 |   306 |   780 |   601 |   492 ||  2497
Block: Shield            |       |       |       |    63 |       |       |       ||    63
